 Dungeon Crawl Stone Soup version 0.16-a0-3585-g2f5ff90 (webtiles) character file.

91 PolkaDot the Insei (level 4, -6/40 HPs)
             Began as a Draconian Monk on Jan 11, 2015.
             Killed by divine providence
             ... invoked by an orc priest
              (13 damage)
             ... on level 3 of the Dungeon.
             The game lasted 00:07:36 (2656 turns).

PolkaDot the Insei (Draconian Monk)                 Turns: 2656, Time: 00:07:36

Health: -6/40      AC:  8    Str: 16    XL:     4   Next: 34%
Magic:  4/4        EV: 19    Int: 10    God:
Gold:   136        SH:  0    Dex: 20    Spells: 0 memorised, 3 levels left

rFire  . . .     SeeInvis .       - Unarmed
rCold  . . .     Clarity  .     (armour unavailable)
rNeg   . . .     SustAb   .     (no shield)
rPois  .         Gourm    .     (helmet restricted)
rElec  .         Spirit   .     (no cloak)
rCorr  .         Warding  .     n - +2 pair of gloves {Str+3}
rMut   .         Stasis   .     (no boots)
MR     .....                    (no amulet)
Stlth  +++.......               (no ring)
                                (no ring)

@: agile, very slightly contaminated, hasted, very quick, not resistant to
hostile enchantments, fairly stealthy
A: unfitting armour, cold-blooded, AC +5
a: no special abilities


You were on level 3 of the Dungeon.
You were hungry.

You visited 1 branch of the dungeon, and saw 3 of its levels.

You collected 136 gold pieces.

Inventory:

Armour
 n - a +2 pair of gloves of strength (worn)
Scrolls
 f - a scroll of recharging {unknown}
 j - 2 scrolls of fear {unknown}
 k - 4 scrolls of fog {unknown}
 m - a scroll of blinking {unknown}
 o - 2 scrolls of enchant weapon {unknown}
 p - 3 scrolls of teleportation {unknown}
 s - a scroll of remove curse {unknown}
Comestibles
 b - 4 bread rations
 c - a meat ration
 h - 2 fruits
 r - 2 chunks of flesh


   Skills:
 + Level 4.0 Fighting
 + Level 3.3 Dodging
 - Level 1.7 Stealth
 * Level 5.0 Unarmed Combat


You had 3 spell levels left.
You didn't know any spells.

Dungeon Overview and Level Annotations

Branches:
Dungeon (3/15)

Altars:
Qazlal


Innate Abilities, Weirdness & Mutations

Your plain brown scales are hard (AC +5).
Your body does not fit into most forms of armour.
Your cold-blooded metabolism reacts poorly to cold.


Message History

The orc priest is almost dead.
You hit the orc priest but do no damage.
You tail-slap the orc priest, but do no damage.
The orc priest is almost dead.
The orc priest mumbles some strange prayers to Beogh against you.
Pain shoots through your body!
* * * LOW HITPOINT WARNING * * *
The orc closely misses you.
You hit the orc priest but do no damage.
The orc priest is almost dead.
The orc priest misses you.
You barely miss the orc priest.
Your tail-slap misses the orc priest.
The orc priest is almost dead.
The orc hits you with a flail.
* * * LOW HITPOINT WARNING * * *
You hit the orc priest but do no damage.
The orc priest is almost dead.
The orc priest invokes the aid of Beogh against you.
Something smites you!
You die...

##.#....)....##.#######.#
#.#
#.#....................#
#.#
#.#..........#.#########
#.# #[#.##...###.#.# #.#
##.#.##.........# #.#
.....##...###.#.# #.#
##....##.####.#.# #.#
....#...........#########
#####.#
...............o@o{{o....
.......
...###........###########
####### ...###...######
....รท.#..# .....##>.#
...####..# ...# #..# ##
...# #..# #. ##.# #..# #.


You could see an orc priest and 2 orcs.

Vanquished Creatures
  2 adders (D:2)
  3 worms
  A giant gecko (D:1)
  2 orcs (D:3)
  2 ball pythons (D:2)
  6 bats
  2 giant cockroaches
  10 goblins
  3 hobgoblins
  4 jackals (D:3)
  8 kobolds
  A quokka (D:3)
  4 giant newts
  5 rats
53 creatures vanquished.

Notes
Turn   | Place    | Note
--------------------------------------------------------------
     0 | D:1      | PolkaDot, the Draconian Monk, began the quest for the Orb.
     0 | D:1      | Reached XP level 1. HP: 19/19 MP: 1/1
   126 | D:1      | Reached XP level 2. HP: 21/26 MP: 2/2
   900 | D:2      | Reached XP level 3. HP: 31/31 MP: 3/3
  2023 | D:3      | Reached XP level 4. HP: 33/40 MP: 4/4
  2387 | D:3      | Found a stormy altar of Qazlal.
  2400 | D:3      | Reached skill level 5 in Unarmed Combat
  2401 | D:3      | Noticed a water elemental
  2401 | D:3      | Noticed an earth elemental
  2465 | D:3      | Noticed a fire elemental
  2482 | D:3      | Noticed an air elemental
  2656 | D:3      | Killed from afar by an orc priest

Action                   |  1- 3 |  4- 6 || total
-------------------------+-------+-------++-------
Melee: Unarmed           |   134 |    71 ||   205
  Use: Potion            |       |    10 ||    10
 Stab: Sleeping          |     4 |     1 ||     5
  Eat: Chunk             |     3 |     2 ||     5
